MID
BURLINGTON BEES @ KANE COUNTY COUGARS
06/20/2099
 
TOP OF THE 1ST
Burlington Bees batting - Pitching for Kane County Cougars : LHP Nate Snipes
Pitching: LHP Nate Snipes
Batting: RHB Cody Fulton 0-0: Fly out, F7 (Line Drive, 7, EV 102.5 MPH)
Batting: RHB Jon Kren 0-0: Swinging Strike
0-1: Ball
1-1: Ground out 5-3 (Groundball, 5L, EV 80.0 MPH)
Batting: LHB John Stevens 0-0: Called Strike
0-1: Foul Ball, location: 2LF
0-2: Ball
1-2: Ball
2-2: Fly out, F6 (Flyball, 6MD, EV 96.9 MPH)
Top of the 1st over - 0 runs, 0 hits, 0 errors, 0 left on base; Burlington 0 - Kane County 0
BOTTOM OF THE 1ST
Kane County Cougars batting - Pitching for Burlington Bees : LHP Eduardo Duarte
Pitching: LHP Eduardo Duarte
Batting: RHB Travis Ramirez 0-0: Ball
1-0: Ball
2-0: SINGLE (Line Drive, 9S, EV 106.9 MPH)
Batting: LHB Aaron Quintanilla 0-0: Foul Ball, location: 2F
0-1: Called Strike
0-2: Foul Ball, location: 2F
0-2: Strikes out looking
Batting: RHB John Shirley 0-0: Ball
1-0: Ball
Travis Ramirez is caught stealing 2nd base 2-4
2-0: Swinging Strike
2-1: Foul Ball, location: 2LF
2-2: Ball
3-2: Ground out 5-3 (Groundball, 56, EV 106.9 MPH)
Bottom of the 1st over - 0 runs, 1 hit, 0 errors, 0 left on base; Burlington 0 - Kane County 0
TOP OF THE 2ND
Burlington Bees batting - Pitching for Kane County Cougars : LHP Nate Snipes
Batting: LHB Cory Murray 0-0: Ball
1-0: Ball
2-0: Ball
3-0: Called Strike
3-1: Base on Balls
Batting: RHB Rich Gonzales 0-0: Ball
1-0: Called Strike
1-1: Fly out, F8 (Line Drive, 8LD, EV 101.9 MPH)
Batting: RHB Jason Glennon 0-0: Foul Ball, location: 5F
0-1: Ball
1-1: Ball
2-1: Ball
3-1: Grounds into double play, 5-4-3 (Groundball, 56, EV 107.5 MPH)
Top of the 2nd over - 0 runs, 0 hits, 0 errors, 0 left on base; Burlington 0 - Kane County 0
BOTTOM OF THE 2ND
Kane County Cougars batting - Pitching for Burlington Bees : LHP Eduardo Duarte
Batting: LHB Luis Alvarez 0-0: Ball
1-0: Foul Ball, location: 2F
1-1: Foul Ball, location: 7LDF
1-2: Foul Ball, location: 9LMF
1-2: Ball
2-2: Ball
3-2: Ground out 5-3 (Groundball, 56, EV 90.6 MPH)
Batting: SHB Brian Warfel 0-0: Ball
1-0: SINGLE (Flyball, 89S, EV 88.1 MPH)
Batting: RHB Luke Arnold 0-0: Fly out, F8 (Flyball, 8RD, EV 84.4 MPH)
Batting: LHB Daniel Evans 0-0: Called Strike
0-1: Fly out, F8 (Line Drive, 8LM, EV 103.1 MPH)
Bottom of the 2nd over - 0 runs, 1 hit, 0 errors, 1 left on base; Burlington 0 - Kane County 0
TOP OF THE 3RD
Burlington Bees batting - Pitching for Kane County Cougars : LHP Nate Snipes
Batting: LHB Dean Neufeld 0-0: Ball
1-0: Swinging Strike
1-1: Foul Ball, location: 7LMF
1-2: Ball
2-2: Strikes out swinging
Batting: RHB Nate Voit 0-0: Foul Ball, location: 3DF
0-1: DOUBLE (Flyball, 8RXD, EV 110.0 MPH)
Batting: SHB Butch Myers 0-0: Called Strike
0-1: Called Strike
0-2: Ball
1-2: Ball
2-2: Foul Ball, location: 7LDF
2-2: Fly out, F7 (Flyball, 7S, EV 94.4 MPH)
Batting: RHB Cody Fulton 0-0: Foul Ball, location: 25FF
0-1: Ball
1-1: Ball
2-1: Ball
3-1: Base on Balls
Batting: RHB Jon Kren 0-0: Foul Ball, location: 3FF
0-1: Swinging Strike
0-2: Ball
1-2: Foul Ball, location: 2F
1-2: Foul Ball, location: 3FF
1-2: Foul Ball, location: 9LMF
1-2: Ground out 6-3 (Groundball, 6M, EV 104.4 MPH)
Top of the 3rd over - 0 runs, 1 hit, 0 errors, 2 left on base; Burlington 0 - Kane County 0
BOTTOM OF THE 3RD
Kane County Cougars batting - Pitching for Burlington Bees : LHP Eduardo Duarte
Batting: RHB Jim Unknown 0-0: Ball
1-0: Fly out, F3 (Line Drive, 3, EV 66.9 MPH)
Batting: RHB Jim Unknown 0-0: Swinging Strike
0-1: Foul Ball, location: 5SF
0-2: Foul Ball, location: 2F
0-2: SINGLE (Groundball, 34D, EV 98.8 MPH)
Batting: RHB Travis Ramirez 0-0: Ball
1-0: Foul Ball, location: 9LMF
1-1: Swinging Strike
1-2: Strikes out swinging
Batting: LHB Aaron Quintanilla 0-0: Ground out 4-3 (Groundball, 4, EV 100.0 MPH)
Bottom of the 3rd over - 0 runs, 1 hit, 0 errors, 1 left on base; Burlington 0 - Kane County 0
TOP OF THE 4TH
Burlington Bees batting - Pitching for Kane County Cougars : LHP Nate Snipes
Batting: LHB John Stevens 0-0: Fly out, F8 (Flyball, 8LXD, EV 85.6 MPH)
Batting: LHB Cory Murray 0-0: Called Strike
0-1: Called Strike
0-2: Ball
1-2: Ball
2-2: Strikes out swinging
Batting: RHB Rich Gonzales 0-0: SINGLE (Groundball, 4MD, EV 102.5 MPH)
Batting: RHB Jason Glennon 0-0: Ball
1-0: Fielders Choice at 2nd, 6-4 (Groundball, 56, EV 102.5 MPH)
Top of the 4th over - 0 runs, 1 hit, 0 errors, 1 left on base; Burlington 0 - Kane County 0
BOTTOM OF THE 4TH
Kane County Cougars batting - Pitching for Burlington Bees : LHP Eduardo Duarte
Batting: RHB John Shirley 0-0: Swinging Strike
0-1: Ball
1-1: Ball
2-1: Ball
3-1: Foul Ball, location: 9LSF
3-2: Strikes out looking
Batting: LHB Luis Alvarez 0-0: Ball
1-0: Foul Ball, location: 3F
1-1: Ball
2-1: Foul Ball, location: 2F
2-2: Ball
3-2: Base on Balls
Batting: SHB Brian Warfel 0-0: Foul Ball, location: 2F
0-1: Fly out, F7 (Flyball, 7, EV 86.9 MPH)
Batting: RHB Luke Arnold 0-0: Called Strike
Balk!
Luis Alvarez to second
0-1: Ball
1-1: Ball
2-1: Swinging Strike
2-2: Foul Ball, location: 5FF
2-2: Ball
3-2: Base on Balls
Batting: LHB Daniel Evans 0-0: Fly out, F8 (Flyball, 78D, EV 93.1 MPH)
Bottom of the 4th over - 0 runs, 0 hits, 0 errors, 2 left on base; Burlington 0 - Kane County 0
TOP OF THE 5TH
Burlington Bees batting - Pitching for Kane County Cougars : LHP Nate Snipes
Batting: LHB Dean Neufeld 0-0: Ball
1-0: Ball
2-0: Called Strike
2-1: Foul Ball, location: 7LDF
2-2: Fly out, F9 (Flyball, 89S, EV 88.1 MPH)
Batting: RHB Nate Voit 0-0: Called Strike
0-1: Ball
1-1: Fly out, F9 (Flyball, 9LSF, EV 92.5 MPH)
Batting: SHB Butch Myers 0-0: Ball
1-0: Ball
2-0: Ball
3-0: Base on Balls
Batting: RHB Cody Fulton 0-0: Called Strike
0-1: Called Strike
0-2: Ball
1-2: Fielders Choice at 2nd, 6-4 (Groundball, 56, EV 81.3 MPH)
Top of the 5th over - 0 runs, 0 hits, 0 errors, 1 left on base; Burlington 0 - Kane County 0
BOTTOM OF THE 5TH
Kane County Cougars batting - Pitching for Burlington Bees : LHP Eduardo Duarte
Batting: RHB Jim Unknown 0-0: SINGLE (Line Drive, 89S, EV 106.3 MPH)
Batting: RHB Jim Unknown 0-0: Called Strike
0-1: Bunt missed!
0-2: Ball
1-2: Ball
2-2: Ball
3-2: Ground out 6-3 (Groundball, 6, EV 90.0 MPH)
Jim Unknown to second
Batting: RHB Travis Ramirez 0-0: Intentional Walk
Batting: LHB Aaron Quintanilla 0-0: Ball
1-0: Called Strike
1-1: Ball
2-1: Swinging Strike
2-2: Ball
3-2: Strikes out swinging
Batting: RHB John Shirley 0-0: Called Strike
0-1: Foul Ball, location: 9LSF
0-2: SINGLE (Line Drive, 6MD, EV 96.9 MPH)
Jim Unknown to third
Travis Ramirez to second
Runner from 3rd tries for Home, SAFE, throw by CF to home
Batting: LHB Luis Alvarez 0-0: Called Strike
0-1: Swinging Strike
0-2: Strikes out swinging
Bottom of the 5th over - 1 run, 2 hits, 0 errors, 2 left on base; Burlington 0 - Kane County 1
TOP OF THE 6TH
Burlington Bees batting - Pitching for Kane County Cougars : LHP Nate Snipes
Batting: RHB Jon Kren 0-0: Called Strike
0-1: Foul Ball, location: 23F
0-2: Ball
1-2: Strikes out looking
Batting: LHB John Stevens 0-0: Foul Ball, location: 9LSF
0-1: Ball
1-1: Foul Ball, location: 3FF
1-2: Ground out 4-3 (Groundball, 34, EV 101.3 MPH)
Batting: LHB Cory Murray 0-0: Ball
1-0: Ball
2-0: Called Strike
2-1: Ball
3-1: Base on Balls
Batting: RHB Rich Gonzales 0-0: Called Strike
0-1: Ball
1-1: Called Strike
1-2: Ball
2-2: Foul Ball, location: 9LSF
2-2: Ground out 4-3 (Groundball, 34, EV 109.4 MPH)
Top of the 6th over - 0 runs, 0 hits, 0 errors, 1 left on base; Burlington 0 - Kane County 1
BOTTOM OF THE 6TH
Kane County Cougars batting - Pitching for Burlington Bees : LHP Eduardo Duarte
Batting: SHB Brian Warfel 0-0: Foul Ball, location: 25F
0-1: Swinging Strike
0-2: Ball
1-2: Foul Ball, location: 2F
1-2: Foul Ball, location: 3FF
1-2: Ball
2-2: Fly out, F8 (Flyball, 89M, EV 88.1 MPH)
Batting: RHB Luke Arnold 0-0: Called Strike
0-1: Ball
1-1: SINGLE (Line Drive, 8LS, EV 91.3 MPH)
Batting: LHB Daniel Evans 0-0: Foul Ball, location: 9LMF
0-1: Ball
1-1: Foul Ball, location: 23F
1-2: Ball
2-2: Grounds into double play, 3-6-3 (Groundball, 3, EV 86.3 MPH)
Bottom of the 6th over - 0 runs, 1 hit, 0 errors, 0 left on base; Burlington 0 - Kane County 1
TOP OF THE 7TH
Burlington Bees batting - Pitching for Kane County Cougars : LHP Nate Snipes
Batting: RHB Jason Glennon 0-0: Ball
1-0: Foul Ball, location: 2F
1-1: Ball
2-1: Fly out, F8 (Flyball, 8RD, EV 87.5 MPH)
Pitching: RHP Jim Unknown
Batting: LHB Dean Neufeld 0-0: Ball
1-0: Foul Ball, location: 7LDF
1-1: Foul Ball, location: 2F
1-2: Ground out 5-3 (Groundball, 15, EV 89.4 MPH)
Batting: RHB Nate Voit 0-0: Called Strike
0-1: Ball
1-1: Foul Ball, location: 23F
1-2: Foul Ball, location: 2F
1-2: Ball
2-2: Ball
3-2: Foul Ball, location: 3F
3-2: Foul Ball, location: 5DF
3-2: Base on Balls
Batting: SHB Butch Myers 0-0: Fly out, F9 (Flyball, 89S, EV 96.3 MPH)
Top of the 7th over - 0 runs, 0 hits, 0 errors, 1 left on base; Burlington 0 - Kane County 1
BOTTOM OF THE 7TH
Kane County Cougars batting - Pitching for Burlington Bees : LHP Eduardo Duarte
Pitching: RHP Mike Felts
Batting: RHB Jim Unknown 0-0: Fly out, F9 (Flyball, 9, EV 93.8 MPH)
Batting: RHB Jim Unknown 0-0: Foul Ball, location: 9LDF
0-1: Foul Ball, location: 2F
0-2: Ball
1-2: Strikes out swinging
Batting: RHB Travis Ramirez 0-0: Ball
1-0: SINGLE (Groundball, 6S, EV 81.3 MPH) (infield hit)
Batting: LHB Aaron Quintanilla 0-0: Swinging Strike
0-1: Ball
1-1: Ball
2-1: DOUBLE (Flyball, 89XD, EV 110.6 MPH)
Travis Ramirez to third
Batting: RHB John Shirley 0-0: Called Strike
0-1: Ball
1-1: Foul Ball, location: 9LSF
1-2: Strikes out looking
Bottom of the 7th over - 0 runs, 2 hits, 0 errors, 2 left on base; Burlington 0 - Kane County 1
TOP OF THE 8TH
Burlington Bees batting - Pitching for Kane County Cougars : RHP Jim Unknown
Batting: RHB Cody Fulton 0-0: Ball
1-0: Ball
2-0: Called Strike
2-1: Swinging Strike
2-2: SINGLE (Groundball, 13, EV 62.5 MPH) (infield hit)
Batting: RHB Jon Kren 0-0: Called Strike
0-1: Ball
1-1: Swinging Strike
1-2: Ball
2-2: Foul Ball, location: 9LMF
2-2: Grounds into double play, 4-6-3 (Groundball, 34, EV 84.4 MPH)
Batting: LHB John Stevens 0-0: Called Strike
0-1: Swinging Strike
0-2: Strikes out swinging
Top of the 8th over - 0 runs, 1 hit, 0 errors, 0 left on base; Burlington 0 - Kane County 1
BOTTOM OF THE 8TH
Kane County Cougars batting - Pitching for Burlington Bees : RHP Mike Felts
Batting: LHB Luis Alvarez 0-0: Ball
1-0: Foul Ball, location: 2F
1-1: Ball
2-1: Ball
3-1: Foul Ball, location: 2F
3-2: Ground out 4-3 (Groundball, 4, EV 64.4 MPH)
Batting: SHB Brian Warfel 0-0: Called Strike
0-1: Ball
1-1: Swinging Strike
1-2: SINGLE (Groundball, 34S, EV 73.1 MPH) (infield hit)
Batting: RHB Luke Arnold 0-0: Ball
1-0: Ball
2-0: SINGLE (Line Drive, 4MD, EV 99.4 MPH)
Brian Warfel to second
Runner from 2nd tries for 3rd, SAFE, throw by CF made to third
Batting: LHB Daniel Evans 0-0: Called Strike
0-1: Called Strike
0-2: Foul Ball, location: 7LSF
0-2: Ball
1-2: Ball
2-2: Foul Ball, location: 7LDF
2-2: Foul Ball, location: 2F
2-2: Ball
3-2: Fielders Choice at home, 3-2 (Groundball, 34, EV 93.1 MPH)
Luke Arnold to second
Batting: RHB Jim Unknown 0-0: Called Strike
0-1: Ball
1-1: Ball
2-1: Ball
3-1: Called Strike
3-2: Base on Balls
Luke Arnold to third
Daniel Evans to second
Batting: RHB Jim Unknown 0-0: Ground out U3 (Groundball, 13, EV 88.1 MPH)
Bottom of the 8th over - 0 runs, 2 hits, 0 errors, 3 left on base; Burlington 0 - Kane County 1
TOP OF THE 9TH
Burlington Bees batting - Pitching for Kane County Cougars : RHP Jim Unknown
Batting: LHB Cory Murray 0-0: SOLO HOME RUN (Flyball, 7LD, EV 97.5 MPH), Distance : 360 ft
Batting: RHB Rich Gonzales 0-0: Fly out, F3 (Popup, 34S, EV 61.9 MPH)
Batting: RHB Jason Glennon 0-0: Called Strike
0-1: DOUBLE (Flyball, 8RD, EV 98.1 MPH)
Batting: LHB Dean Neufeld 0-0: Called Strike
0-1: Ball
1-1: SINGLE (Groundball, 4MD, EV 106.9 MPH)
Jason Glennon to third
Runner from 3rd tries for Home, SAFE, throw by CF to home
Batting: RHB Nate Voit 0-0: Ball
1-0: Foul Ball, location: 5F
1-1: Foul Ball, location: 5F
1-2: Fly out, F5 (Popup, 6S, EV 84.4 MPH)
Batting: SHB Butch Myers 0-0: Ball
1-0: Called Strike
Dean Neufeld is caught stealing 2nd base 2-6
Top of the 9th over - 2 runs, 3 hits, 0 errors, 0 left on base; Burlington 2 - Kane County 1
BOTTOM OF THE 9TH
Kane County Cougars batting - Pitching for Burlington Bees : RHP Mike Felts
Now at 2B: Alex Castaneda
Batting: RHB Travis Ramirez 0-0: Ball
1-0: Called Strike
1-1: Swinging Strike
1-2: Ball
2-2: Ball
3-2: Ground out 4-3 (Groundball, 4, EV 108.8 MPH)
Batting: LHB Aaron Quintanilla 0-0: Ball
1-0: Ball
2-0: Called Strike
2-1: Ball
3-1: SINGLE (Line Drive, 9S, EV 96.9 MPH)
Pitching: RHP Bill Ploughman
Batting: RHB John Shirley 0-0: Foul Ball, location: 2F
0-1: Fly out, F8 (Flyball, 8RD, EV 91.3 MPH)
Batting: LHB Luis Alvarez 0-0: Swinging Strike
0-1: Foul Ball, location: 7LMF
0-2: Ball
1-2: Ball
2-2: Strikes out swinging
Bottom of the 9th over - 0 runs, 1 hit, 0 errors, 1 left on base; Burlington 2 - Kane County 1
Thursday, May 9th , 2024 - OOTP Baseball 24.11 Build 85